AoeStats
← adnosi3000

Black Forest

510968218Analyzed
4v4 RM · 16h ago on Oct 3, 2026· 30m 35s· 8 players
Game mode
Random Map
Map size
Large (8 player)
Population
200
Speed
Normal
Resources
Standard
Victory
Conquest
Starting age
Dark Age
Ending age
Imperial Age
RankedLock teamsTeams togetherTeam positionsShared explorationLock speedFull tech treeHidden civsTurbo modeCheats
Victory
Defeat
🇮🇳 Cumans · India
1053
+12
🇹🇼 Varangians · Taiwan
983
+15
🇮🇳 Italians · India
950
+16
🇻🇳 Gurjaras · Vietnam
881
+19
🇦🇷 Italians · Argentina
1081
-21
🇦🇷 Danes · Argentina
1001
-17
🇦🇷 Goths · Argentina
882
-13
🇵🇱 Bohemians · Poland
841
-11
kwik
iamlegolas312
0:38 Loom
12:11 Feudal Age
12:47 Double-Bit Axe
13:15 Gold Mining
13:43 Horse Collar
21:49 Castle Age
19:53 Stone Mining
19:55 Fletching
21:40 Padded Archer Armor
26:26 Imperial Age
24:46 Heavy Plow
25:01 Bow Saw
25:13 Treadmill Crane
28:12 Chemistry
超自然震動
0:53 Loom
13:13 Feudal Age
14:04 Double-Bit Axe
16:24 Horse Collar
19:14 Bloodlines
22:52 Castle Age
23:07 Scale Barding Armor
25:18 Light Cavalry
26:26 Stone Mining
28:41 Husbandry
yukinohana.htn
11:23 Feudal Age
11:55 Double-Bit Axe
12:54 Horse Collar
18:45 Castle Age
17:06 Gold Mining
17:49 Stone Mining
19:45 Heavy Plow
21:12 Man-at-Arms
22:23 Arson
23:39 Forging
26:56 Gold Shaft Mining
28:36 Wheelbarrow
adnosi3000
SMNT-Chifuego
SIKUS | diavolomagro
1:06 Loom
SepeLio_O
0:28 Loom
11:59 Feudal Age
18:04 Castle Age
17:22 Double-Bit Axe
17:59 Man-at-Arms
18:55 Scale Mail Armor
19:09 Forging
23:23 Pikeman
24:05 Fletching
27:28 Horse Collar
27:56 Crossbowman
29:20 Pikeman
Connection lost

Rejoining the realm…

Still unreachable

The connection could not be restored.

Session expired

The server has moved on; the page needs a fresh start.